[Event "44th Chess Olympiad Women 2022"]
[Site "Chennai"]
[Date "2022.07.29"]
[Round "1.16"]
[White "Karavade, Eesha"]
[Black "Kannappan, Sigappi"]
[Result "1-0"]
[WhiteElo "2339"]
[BlackElo "1914"]
[Annotator "TA"]
[PlyCount "97"]
[EventDate "2022.??.??"]
[TimeControl "60"]

1.
Nf3 Nf6 2. c4 g6 3. d4 Bg7 4. Nc3 O-O 5. e4 d6 6. h3 e5 7. d5 Nh5 8. g3 {
[%emt 0:01:27] E90: King's Indian: Classical: Early deviations and 6 h3.} f5 {
[%emt 0:07:56] 8...f5 is better than 8...Na6.} 9. exf5 gxf5 10. Ng5 {[%emt 0:00:22] White is slightly better.} Nf6 11. g4 h6 (11... fxg4 12.
hxg4 Bxg4 13. Qc2 $16) (11... Na6 $14) 12. Ne6 $16 {[%emt 0:00:41] White is
more active.} Bxe6 13. dxe6 {[%emt 0:00:05] [#]} Ne4 $146 (13... Nc6 $16 {was called for.}) ({Predecessor:} 13... fxg4
14. hxg4 Qe7 15. Nd5 Nxd5 16. cxd5 Qf6 17. Be3 e4 18. Rb1 Qg6 19. g5 hxg5 {
1-0 (27) Xiang,Z (2447)-Cai,Y (2006) Hangzhou 2019}) 14. Nxe4 fxe4 15. Qd5 c6 16. Qxe4 {[%emt 0:00:04] Hoping for Bd3.} d5 (16... Qb6 $2
17. e7 (17. Bd3 Qxf2+ 18. Kd1 Qf3+ 19. Qxf3 Rxf3 $16) 17... Re8 18. Bd3 Rxe7
19. Qh7+ Kf8 20. Bxh6 Qb4+ 21. Bd2 Qxb2 22. Rb1 $18) 17. Qc2 (
17. cxd5 $18 cxd5 18. e7 $1 dxe4 19. exd8=N (19. exd8=R Rxd8 20. Bg2 Nc6 $16)
19... Rxd8 20. Bg2) 17... Na6 $14 {[%emt 0:03:13] [#]} 18. a3 ({White should play} 18. g5 $1 $16) 18... Rc8 (18... e4 $11)
19. g5 hxg5 (19... h5 $14) 20. Rg1 $16 Qf6 21. Bxg5 ({Reject} 21.
Rxg5 $6 e4 $11) 21... Qxe6 22. Be2 $40 {[%emt 0:00:08][%cal
Yf1e2,Ye2g4,Yg4e6,Ye6d5] Black must now prevent Bg4. Black is in trouble. A
strong pair of Bishops.} Qf5 {[%emt 0:09:01] This costs Black the game.} (22...
Rc7 $16) 23. Qxf5 $18 Rxf5 24. Bg4 Rxg5 25. Be6+ {[%emt 0:00:10] Discovered Attack,
Double Attack} Kh7 $2 (25... Kf8 26. Rxg5 Rd8 27. cxd5 cxd5)
26. Rxg5 Rc7 27. cxd5 cxd5 28. Bxd5 Nc5 29. Ke2 {
[%emt 0:00:59] Against Nd3} Nd7 30. Rag1 {[%emt 0:05:47]
Intending Rh5+ and mate.} Nf6 {[%emt 0:01:00] [#] Inhibits Rh5+.} 31. Rxg7+ $1 Rxg7 32. Rxg7+ Kxg7 33. Bxb7 {[%emt 0:00:06] Endgame KB-KN} Kg6 34. b4 Kf5 35. Ke3 e4 36. b5 {[%emt 0:00:00] And now a4 would
win.} Ke5 37. a4 Nd7 38.
Bxe4 Nb6 39. f4+ Kf6 40. Bc2 Nd5+ 41. Ke4 Nc3+ 42. Kf3 {[%emt 0:00:32] White mates.} Nd5 43. a5 Ke7 44. Be4 Nb4 45. b6 axb6 46. axb6 Kd6 47. h4 Kc5 48. b7 Na6 49. h5 {[%emt 0:00:00] Weighted Error Value: White=0.22 
(precise) /Black=0.45} 1-0

[Event "44th Chess Olympiad Women 2022"]
[Site "Chennai"]
[Date "2022.07.29"]
[Round "1.16"]
[White "Lam, Ka Yan"]
[Black "Pratyusha, Bodda"]
[Result "0-1"]
[WhiteElo "1223"]
[BlackElo "2310"]
[Annotator "ChessBase"]
[PlyCount "64"]
[EventDate "2022.??.??"]
[TimeControl "60"]

1. e4 c6 2. d4 d5 3. exd5 cxd5 4. Nc3 Nc6 5. Nf3 Nf6 6. Bb5 Bg4 7. Qd3 Bxf3 8. Qxf3 e6 9. O-O a6 10. Bxc6+ bxc6 11. Bg5 Be7 12. Bxf6 Bxf6 13. Ne2 Qb6 14. Qb3 Bxd4 15. Nxd4 Qxd4 16. Qb7 O-O 17. Rfd1 Qc5 18. b3 Ra7 19. b4 Rxb7 20. bxc5 Rb5 21. Rab1 Rxc5 22. Rb2 Rb5 23. Rb3 Rfb8 24. f3 Kf8 25. Kf2 c5 26. Rc3 c4 27. Rd4 Rb2 28.
a3 R8b3 29. Rxb3 cxb3 30. Ke1 Rxc2 31. Rd2 Ra2 32. Kd1 b2 0-1

[Event "44th Chess Olympiad Women 2022"]
[Site "Chennai"]
[Date "2022.07.29"]
[Round "1.16"]
[White "Sahithi Varshini M"]
[Black "Li, Joy Ching"]
[Result "1-0"]
[WhiteElo "2312"]
[BlackElo "1386"]
[Annotator "ChessBase"]
[PlyCount "73"]
[EventDate "2022.??.??"]
[TimeControl "60"]

1. e4 c5 2. Nc3 g6 3. f4 Bg7 4. Nf3 d6 5. Bc4 Nf6 6. O-O O-O 7. d3 a6 8. a4 e6 9. e5 dxe5 10. Nxe5 Nd5 11. Ne4 Qc7 12. Qe1 Nd7 13. Nxd7 Bxd7 14. a5 Bb5 15. c3 Bxc4 16. dxc4 Nf6 17. Ng5 h6 18. Nf3 Nd7 19. Qh4 Kh7 20. Be3 e5 21. fxe5 Nxe5 22. Ng5+ Kg8 23. Ne4 g5 24. Bxg5 hxg5 25. Nxg5 Rfe8 26. Qh7+ Kf8 27. Rae1 Re7 28. h4 Ng4 29. Rxf7+ Rxf7 30. Ne6+ Ke7 31. Nxc7+ Kd7 32. Qg6 Raf8 33.
Ne6 Re7 34. Nxc5+ Kd8 35. Qd6+ Kc8 36. Rxe7 Rd8 37. Qc7# 1-0

[Event "44th Chess Olympiad Women 2022"]
[Site "Chennai"]
[Date "2022.07.29"]
[Round "1.17"]
[White "Curwin, Nickaylah"]
[Black "Ratsma, Rosa"]
[Result "0-1"]
[WhiteElo "1499"]
[BlackElo "2226"]
[Annotator "RC"]
[PlyCount "107"]
[EventDate "2022.??.??"]
[TimeControl "60"]

1. d4 Nf6 2. Bf4 d5 3. Nf3 e6 4. e3 Bd6 5. Bg3 O-O 6. Bd3 c5 7. c3 Qc7 8. Nbd2 Nbd7 9. Qe2 Re8 10. e4 e5 11. O-O exd4 12. cxd4 Bxg3 13. hxg3 dxe4 14. Nxe4 Nxe4 15. Bxe4 Nf6 16. Nd2 Bf5 17. f3 cxd4 18. Qd3 Nxe4 19. fxe4 Bg6 20. Rac1 Qb6 21. b3 Rac8 22. Nc4 Qc5 23. Rce1 b5 24. Nd2 Qc2 25. Qe2 a6 26. Qf2 Qd3 27. Qf4 Rc2 28.
Rf2 Rxa2 29. e5 h6 30. Nf3 Rxf2 31. Kxf2 Qxb3 32. Qxd4 Rc8 33. Qd7 Qc2+ 34. Re2 Qc5+ 35. Nd4 Bd3 36. Re3 Bc4 37. Nf5 Rf8 38. Nxh6+ gxh6 39. Qg4+ Kh8 40. Qf4 Qb6 41. e6 Qc5 42. Qxh6+ Kg8 43. e7 Re8 44. Qf6 Bd3 45. g4 Be4 46. Qxa6 Rxe7 47. Qf6 Re6 48. Qf4 Bg6 49. Kf3 Qxe3+ 50. Qxe3 Rxe3+ 51. Kxe3 b4 52. Kd4 b3 53. Kc3 Bc2 54. Kd4 0-1

[Event "44th Chess Olympiad Women 2022"]
[Site "Chennai"]
[Date "2022.07.29"]
[Round "1.17"]
[White "Lanchava, Tea"]
[Black "Watson, Gabriella"]
[Result "1-0"]
[WhiteElo "2257"]
[BlackElo "1164"]
[Annotator "ChessBase"]
[PlyCount "87"]
[EventDate "2022.??.??"]
[TimeControl "60"]

1. c4 c6 2. Nf3 d5 3. e3 Nf6 4. b3 Bf5 5. Be2 e6 6. O-O Bd6 7. Bb2 Nbd7 8.
Nh4 Bg6 9. Nxg6 hxg6 10. g3 O-O 11. d3 Qb6 12. Nd2 Rac8 13.
Rc1 a5 14. d4 c5 15. a3 Qd8 16. Bf3 Qe7 17. Nb1 Nb6 18. cxd5 exd5 19. Qd2 Ra8 20. dxc5 Bxc5 21. a4 Rfd8 22. Qd3 Bb4 23. Nc3 Rac8 24. Nb5 Qe6 25. Bg2 Ne4 26. Qd4 Nf6 27. g4 g5 28. h3 Kf8 29. f4 gxf4 30.
exf4 Nbd7 31. g5 Ng8 32. Bxd5 Qg6 33. Be4 f5 34. Rxc8 Rxc8 35. Qxd7 Re8 36. Bxf5 Qf7 37. Qxf7+ Kxf7 38. g6+ Kf8 39. Be5 Ne7 40. Be4 Nc6 41. Bxc6 bxc6 42. Nd4 Bc5 43. Kh2 Kg8 44. Nxc6 1-0

[Event "44th Chess Olympiad Women 2022"]
[Site "Chennai"]
[Date "2022.07.29"]
[Round "1.17"]
[White "Miller, Rachel"]
[Black "Roebers, Eline"]
[Result "0-1"]
[WhiteElo "1961"]
[BlackElo "2344"]
[Annotator "TA"]
[PlyCount "52"]
[EventDate "2022.??.??"]
[TimeControl "60"]

1. e4 c5 2. Nf3 e6 3. g3 Nc6 4. Bg2 Nf6 5. Qe2 e5 6. O-O {[%emt 0:03:23] B40: Sicilian: 2...e6, Unusual lines.} Be7 7. c3 O-O 8. Na3
{[%emt 0:02:38][%cal Yb1a3,Ya3c4,Yc4e3,Ye3c2] The position is equal. 8.Na3
scores better than 8.Rd1.} Re8 9. d3 h6 10. Nc4 Bf8 11. Ne3 d5 12. Nh4 Be6 13. Nhf5 (13. Qf3 $15 Ne7 14.
Nhf5) 13... d4 $17 {[%emt 0:00:30] [#]} 14. Nc2 $146 ({
Predecessor:} 14. Ng4 Nxg4 15. Qxg4 g6 16. Bxh6 Bxh6 17. Nxh6+ Kf8 18. Nf5 gxf5
19. exf5 Bd7 20. f4 {½-½ (40) De Jong,M (2345)-Wagner,D (2481) Hoogeveen 2013
}) 14... Qd7 (14... c4 $17 {...Bxf5 is the strong threat.} 15.
cxd4 exd4) 15. g4 g6 16. Nxh6+ Bxh6 17. Bxh6 {[%emt 0:00:10] Strongly threatening h3.}
Bxg4 18. f3 Be6 19. c4 {
[%emt 0:06:28] [#]} (19. cxd4 $15 cxd4 20. Qf2) 19... Nh5 $1 20. Qd2 f6 {[%emt 0:03:25] aiming for ...Qh7.} 21. f4 exf4 ({Of course not} 21... Nxf4
$6 22. Bxf4 exf4 23. Rxf4 $11) (21... Qh7 $142 22. fxe5 Nxe5) 22. Bxf4 Qe7 (22... Nxf4 23. Rxf4 Qe7 24. b4 $11) 23.
e5 Nxe5 ({Reject} 23... Nxf4 24. exf6 Qxf6
25. Rxf4 $11 (25. Qxf4 Qxf4 26. Rxf4 Bf5 $17)) 24. Bxe5 (24.
b4 $1 $15) 24... fxe5 25. Rae1 {[%emt 0:00:18] [#]} Qg7 ({Black should play} 25... Rf8 $1 $19 26. Qh6 Rxf1+ 27. Rxf1
Qg7) 26. Qg5 Nf4 {[%emt 0:06:07] Weighted Error Value:
White=0.22 (precise) /Black=0.17 (very precise)} 0-1

[Event "44th Chess Olympiad Women 2022"]
[Site "Chennai"]
[Date "2022.07.29"]
[Round "1.17"]
[White "Peng, Zhaoqin"]
[Black "Clarke, Adani"]
[Result "1-0"]
[WhiteElo "2349"]
[BlackElo "1812"]
[Annotator "TA"]
[PlyCount "79"]
[EventDate "2022.??.??"]
[TimeControl "60"]

1. c4 e6 2. Nc3 b6 3. e4 Bb7 4. Nf3 Bb4 5. Bd3 Ne7 6. O-O O-O 7. Re1 {[%emt 0:09:23] [#] A10: English Opening:
Unusual Replies for Black.} d5 $146 (7... Ng6 $11 {remains
equal.}) ({Predecessor:} 7... Ng6 8. Bc2 Nc6 9. d4 Na5 10. Bd3 c5 11. d5 Bxc3
12. bxc3 d6 13. Bg5 f6 14. Be3 Ba6 15. Qe2 Qd7 {0-1 (53) Kolbus,D (2285)-Bauer,
C (2639) Zuerich 2019}) 8. cxd5 (8. exd5 $16 h6 9. a3 Bxc3 10.
dxc3) 8... exd5 $14 9. e5 {[%emt 0:00:03][%cal Yd3h7] [#]
Threatens to win with Bxh7+! White is slightly better.} h6 {[%emt 0:07:03]
This move loses the game for Black.} (9... Ng6 $1 $11) 10. a3 $18 Bxc3 11. dxc3 c5 (11...
Nd7 $16) 12. Nh4 f5 13. Qh5 Qe8 14. Qxe8 Rxe8 15. Nxf5 {[%emt 0:00:07] White is more active.} Nxf5 16.
Bxf5 Nc6 17. f4 Rad8 18. Bd2 Na5 (18... d4 $16 19.
Be4 d3) 19. Bg6 Re7 20. Rad1 Bc6 21. Bc2 {[%emt 0:10:09] Against Ba4} Be8 22. h3 Nc6 23. b4 Bf7 24. Ba4 Rc8 25. Be3 Nd8 26. bxc5 bxc5 27. Bf2 {[%emt 0:00:25] Hoping for f5. This bishop pair
is nice.} Rb7 $2 (27... g6 28. Rd2 Ne6) 28. f5 Nc6 29. Bxc6 Rxc6 30. e6 Be8 31. Rxd5 {[%emt 0:00:00] And now Rd8
would win.} Rb3 (31... Rc8 $142 32. Red1 Kh7) 32. Bxc5 (32. Rd8 $142 Kf8 33. Red1) 32... Rc8 33. f6 gxf6 34. Bd4 Rxa3 (34... Rb5 $142) 35. Re3 {[%emt 0:00:27] Rf5 is the strong threat.
White is clearly winning.} Ra6 36. Bxf6 {[%emt 0:00:31] Black
must now prevent Rg3+.} Ra1+ 37. Kh2 Ra6 {
[%emt 0:00:18] [#]} 38. Rd7 $1 {[%emt 0:01:32] Intending Rg7+ and mate.} Bxd7 (38... Rxe6 39. Rg7+) 39. exd7 Rb8 40. Re8+ {[%emt 0:00:11] Weighted Error Value: White=0.45/Black=0.47}
1-0

[Event "44th Chess Olympiad Women 2022"]
[Site "Chennai"]
[Date "2022.07.29"]
[Round "1.18"]
[White "Abeysinghe, H M H Janandani"]
[Black "Gajcin, Marina"]
[Result "0-1"]
[WhiteElo "1516"]
[BlackElo "2271"]
[Annotator "ChessBase"]
[PlyCount "82"]
[EventDate "2022.??.??"]
[TimeControl "60"]

1. d4 Nf6 2. c4 g6 3. Nc3 d5 4. Bg5 Bg7 5. Bxf6 Bxf6 6. cxd5 c6 7. e3 cxd5 8. Qb3 e6 9. Bd3 O-O 10. Nge2 Nc6 11. O-O Bd7 12. Rfc1 Rc8 13. Rab1 Bg7 14. a3 Na5 15. Qa2 Nc4 16. b3 Nd6 17. a4 Qg5 18.
b4 Nf5 19. Bxf5 Qxf5 20. b5 Rc4 21. e4 Qg5 22. exd5 exd5 23. Nxd5 Rxc1+ 24. Rxc1 Be6 25. Rc5 b6 26. f4 Qd8 27. Rc1 Bxd5 28.
Qd2 Re8 29. Nc3 Qd6 30. Rd1 Bb3 31. Rc1 Qxd4+ 32. Qf2 Qxf2+ 33. Kxf2 Bd4+ 34. Kf3 Re3+ 35. Kg4 Bxc3 36. g3 Be6+ 37. Kg5 Kg7 38.
Rxc3 Rxc3 39. g4 f6+ 40. Kh4 h6 41. g5 Rh3# 0-1

[Event "44th Chess Olympiad Women 2022"]
[Site "Chennai"]
[Date "2022.07.29"]
[Round "1.18"]
[White "Eric, Jovana"]
[Black "Gamage, Desandhi Dhihansa"]
[Result "1-0"]
[WhiteElo "2271"]
[BlackElo "1561"]
[Annotator "NA RC"]
[PlyCount "55"]
[EventDate "2022.??.??"]
[TimeControl "60"]

1. e4 c5 2. Nf3 d6 3. Bb5+ Nc6 4. O-O Bg4 5. h3 Bh5 6. Nc3 Nf6 7. Re1 e6 8. g4 Bg6 9. d4 d5 10. exd5 Nxd5 11. Nxd5 Qxd5 12. c4 Qd6 13. d5 O-O-O 14. Bg5 Ne7 15. dxe6 fxe6 16. Qe2 Bf7 17. Rad1 Qb6 18. Rxd8+ Qxd8 19. Ne5 Bg8 20. Rd1 Qa5 21. Qd3 a6 22. Qd7+ Kb8 23. Bxe7 axb5 24. Nc6+ bxc6 25. Qe8+ Kc7 26. Rd7+ Kb6 27. Qb8+ Ka6 28. Ra7# 1-0

[Event "44th Chess Olympiad Women 2022"]
[Site "Chennai"]
[Date "2022.07.29"]
[Round "1.18"]
[White "Injac, Teodora"]
[Black "Wijesuriya, G P Y.."]
[Result "1-0"]
[WhiteElo "2372"]
[BlackElo "1579"]
[Annotator "TA"]
[PlyCount "57"]
[EventDate "2022.??.??"]
[TimeControl "60"]

1. Nf3 d5 2. g3 Nf6 3. Bg2 e6 4. O-O Nc6 5. d4 a6 6. c3 {[%emt 0:09:
20] D02:1 d4 d5 2 Nf3 sidelines, including 2...Nf6 3 g3 and 2... Nf6 3 Bf4.}
Bd6 7. Bg5 {[%emt 0:01:16] [#]} O-O $146 ({
Predecessor:} 7... h6 8. Bxf6 Qxf6 9. Nbd2 O-O 10. e4 Qd8 11. Re1 Re8 12. Qb3
Na5 {1-0 (57) Seeman,T (2405)-Lehti,J (2233) Finland 2012}) 8. Nbd2 {[%emt 0:
00:35][%cal Ye2e4] White is slightly better.} e5 9. e4 exd4 10. exd5 Ne5 (10... dxc3 $16 11. Bxf6 (11. dxc6 cxd2 12. Nxd2 bxc6 $14) (11. bxc3
Ne5 $14) 11... gxf6) 11. Nxe5 $18 ({Don't take} 11. cxd4 $6
Nxf3+ 12. Qxf3 Bg4 13. Qxg4 Nxg4 $16) 11... Bxe5 12. Nc4 Bd6 13. Nxd6 ({
Resist} 13. cxd4 $6 h6 $16) 13... Qxd6 14. Qxd4 Ne8 15. Rfe1 {[%emt 0:01:40] Threatens to win with Be7.}
f6 16. Bf4 {[%emt 0:00:15] This bishop pair is nice.} Qd8 17. c4 Rf7 (17... Nd6 {is a better defense.} 18. c5 Nf5) 18. c5 {[%emt 0:00:00] White is
clearly winning.} Bf5 19. d6 {[%emt 0:03:26] [#] Strongly
threatening Bd5.} cxd6 20. Bd5 dxc5 21. Qxc5 Bg6 22. Rad1 Qc8 23. Qe7 h6 24. Bxf7+ Bxf7 25.
Rd7 Bg6 26. Rc1 Bc2 27. Rd2 Qc4 28. Rdxc2 Qxa2 29. Rc8 {[%emt 0:00:21] White took
control after the opening. Weighted Error Value: White=0.09 (flawless) /
Black=0.47} 1-0

[Event "44th Chess Olympiad Women 2022"]
[Site "Chennai"]
[Date "2022.07.29"]
[Round "1.18"]
[White "Ranasinghe, S D.."]
[Black "Blagojevic, Tijana"]
[Result "0-1"]
[WhiteElo "1687"]
[BlackElo "2330"]
[Annotator "TA"]
[PlyCount "138"]
[EventDate "2022.??.??"]
[TimeControl "60"]

1. Nf3 d5 2. g3 Nd7 3. c4 dxc4 4. Qa4 a6 5. Qxc4 b5 6. Qe4 {[%emt 0:07:08] A09: Réti Opening: 1 Nf3 d5 2 c4.} Rb8 7. Bg2 Ngf6 8. Qc2 {[%emt 0:
00:00] The position is equal.} Bb7 9. O-O c5 10. d3 e6 11. a4 {[%emt 0:
00:00] [#]} Qb6 $146 ({Predecessor:} 11... Bd6 12. Nc3 Qb6 13.
e4 O-O 14. h3 Bc6 15. axb5 axb5 16. Bg5 Qb7 17. Qe2 h6 {1-0 (47) Karthikeyan,P
(2445)-Ashwin,H (1882) New Delhi 2019}) 12. Bd2 Be7 13. axb5 axb5 14. Ba5 Qc6 15. Nc3 O-O 16. Nh4 Qc8 17. e4 (17. Nf3 $1 $11)
17... Bc6 (17... b4 $17 18. Nb1 g5) 18. Ne2 Qb7 (18... c4 $5) 19. Bc3 (19.
Nf3 $15) 19... Rfc8 20. f4 (20. b3 $17) 20...
c4 21. e5 cxd3 (21... Nd5
$19 {and Black stays clearly on top. White must now prevent ...Ne3.} 22. Bd2
Nc5) 22. Qxd3 $17 Nc5 23. Bxc6 Qxc6 24. Qf3 Qxf3 25.
Nxf3 Nd5 26. Ra7 (26. Nfd4
$15) 26... Bd8 (26... Nb3 $17 {Hoping for ...Bc5+.} 27. Ra2 b4
) 27. Bd4 Bb6 28. Ra3 b4 29. Ra2 h6 30. Rd1 Rd8 31. Bf2 {[%emt 0:01:40] Against Ne3}
Rd7 {[%emt 0:01:25][%cal Yd5f4] ...Nxf4! is the strong threat.} 32. Rda1 Kh7 {[%emt 0:02:25] Black is more active.} 33. Ra8 Rbb7 34. Rc8 Rdc7 (
34... Nd3 $1 $15 35. Bxb6 Nxb6) 35. Rxc7 $11 Rxc7 36. Kf1 {[%emt 0:02:31] [#]} (36. Nc1 $11 {remains equal.}) 36... Nd3 (36... Nb3 $1 $17 37. Bxb6 Nxb6) 37. Bxb6 $15 Nxb6 38. b3 $1 Nd5 39. Ned4 {[%emt 0:00:37] Prevents Rc2.} Nc3 (39... g6
$15) 40. Ra8 Rd7 41. Nc6 Rc7 42. Nfd4 g5 43. fxg5 hxg5 44. Rb8 Nd5 45. Kg2 g4 46. Kf1 Kg7 47. Ra8 Nb6 48. Ra6 {
[%emt 0:00:00] [#]} (48. Re8 $11) 48... Nd7 $1 $17 {[%emt 0:03:28] White is
now going downhill.} 49. Nb5 Rc8 50. Nd6 Rh8 51. Nc4 (51. Kg2 $142)
51... Rxh2 $19 {[%emt 0:03:09] aiming for ...N7c5.} 52. Ra7 N7c5 53. Ne3 $2 (53. Nd4) 53... Rf2+ 54. Kg1 Rf3 55. Nc4 Rxg3+ 56. Kh2 Rh3+ 57. Kg1 Ne4 {[%emt 0:02:32] Threatens to win with ...Rg3+.}
58. Nd6 Ng5 59. Ne8+ Kh6 60. Nf6 Nf3+ 61. Kg2 Nf4+ 62. Kf2 Nd3+ (62... g3+ $142 63. Ke3 g2 64. Ra1 Ne1+ 65. Kd4 g1=Q+ 66. Kc4 Rc3+ 67.
Kb5 Qc5+ 68. Ka6 Qxc6+ 69. Ka7 Qc7+ 70. Ka8 Qc8+ 71. Ka7 Rc7+ 72. Kb6 Rb7+ 73.
Ka6 Qa8#) 63. Kg2 Nde1+ 64. Kf1 g3 {[%emt 0:00:29][%cal Yg4g3,Yg3g2] ( -> ...g2+)} 65. Ng4+ Kg5 {[%emt 0:00:20] Black mates.} 66. Ne3 Rh1+ 67. Ke2 Rh2+ 68. Kd1 Nd3 69. Nf1 g2 {
[%emt 0:00:25] Weighted Error Value: White=0.43/Black=0.17 (very precise)} 0-1

[Event "44th Chess Olympiad Women 2022"]
[Site "Chennai"]
[Date "2022.07.29"]
[Round "1.19"]
[White "Klinova, Masha"]
[Black "Cho, Yeonhee"]
[Result "1-0"]
[WhiteElo "2251"]
[BlackElo "1427"]
[Annotator "NA RC"]
[PlyCount "63"]
[EventDate "2022.??.??"]
[TimeControl "60"]

1. e4 e5 2. Nf3 Nc6 3. Bb5 a6 4. Bxc6 dxc6 5. d4 exd4 6.
Qxd4 Qxd4 7. Nxd4 Bc5 8. Be3 Bb6 9. Nc3 Nf6 10. f3 O-O 11.
O-O-O Ba7 12. Bg5 Bxd4 13. Rxd4 Nd7 14. Rd2 f5 15. exf5 Rxf5 16. Bd8 Nf6 17. Bxc7 Be6 18. Re1 Bf7 19. Bb6 Nd5 20. Nxd5 Bxd5 21. b3 c5 22. g4 Rf6 23. Rxd5 Rxb6 24. Rxc5 Rf8 25. Re3 Rbf6 26. Rcc3 Rh6 27. Re7 Rxh2 28. Rxb7 Rf2 29. Rcc7 R8xf3 30. Rxg7+ Kh8 31. Rxh7+ Kg8 32. Rhc7 1-0

[Event "44th Chess Olympiad Women 2022"]
[Site "Chennai"]
[Date "2022.07.29"]
[Round "1.19"]
[White "Levitan, Ronit"]
[Black "Kang, Sohyun"]
[Result "1-0"]
[WhiteElo "2084"]
[BlackElo "1593"]
[Annotator "NA"]
[PlyCount "53"]
[EventDate "2022.??.??"]
[TimeControl "60"]

1. e4 e6 2. d4 d5 3. Nd2 c5 4. exd5 Qxd5 5. Ngf3 cxd4 6. Bc4 Qd6 7. O-O Nf6 8. Nb3 Nc6 9. Nbxd4 Nxd4 10. Nxd4 a6 11. Re1 Qc7 12. Bb3 Bd6 13. h3 O-O 14. c3 b5 15. Bg5 Bb7 16. Qd3 Nh5 17. Rxe6 Bf4 18.
Re7 Qc8 19. Bxf4 Nxf4 20. Qg3 Qb8 21. Nf5 g6 22. Nh6+ Kg7 23.
Nxf7 Bd5 24. Nd6+ Kh8 25. Qh4 Nh5 26. Bxd5 Qxd6 27. Bxa8 1-0

[Event "44th Chess Olympiad Women 2022"]
[Site "Chennai"]
[Date "2022.07.29"]
[Round "1.19"]
[White "Park, Haneul"]
[Black "Lahav, Michal"]
[Result "0-1"]
[WhiteElo "1531"]
[BlackElo "2191"]
[Annotator "ChessBase"]
[PlyCount "80"]
[EventDate "2022.??.??"]
[TimeControl "60"]

1. d4 Nf6 2. c4 c5 3. d5 e6 4. Nc3 exd5 5. cxd5 d6 6. e4 g6 7. Nf3 Bg7 8. Be2 O-O 9. O-O Bg4 10. h3 Bxf3 11. Bxf3 Nbd7 12. Bf4 Qe7 13. Re1 Ne8 14. Qd2 Nc7 15. Be2 Bf6 16. Nb5 Nxb5 17. Bxb5 Rfe8 18. Rab1 a6 19. Bxd7 Qxd7 20. b4 c4 21. Bg5 Bg7 22. Qc2 Rac8 23. a4 b5 24. a5 h6 25. Bd2 c3 26. Be3 Rc4 27. Bb6 Qe7 28. f3 Be5 29. Be3 Qh4 30.
Bf2 Qf4 31. Be3 Qh2+ 32. Kf1 Kh7 33. Bg1 Qh1 34. Kf2 h5 35.
Red1 Rec8 36. Ke3 g5 37. Rbc1 Rxb4 38. Rb1 Ra4 39. Bf2 Qxg2 40. Rg1 Bd4+ 0-1

[Event "44th Chess Olympiad Women 2022"]
[Site "Chennai"]
[Date "2022.07.29"]
[Round "1.19"]
[White "Park, Sunwoo"]
[Black "Belenkaya, Dina"]
[Result "1-0"]
[WhiteElo "1773"]
[BlackElo "2256"]
[Annotator "RC"]
[PlyCount "75"]
[EventDate "2022.??.??"]
[TimeControl "60"]

1. e4 c6 2. d4 d5 3. e5 Bf5 4. Nf3 e6 5. Bd3 Bxd3 6. Qxd3 Qa5+ 7. c3 Qa6 8. Qc2 c5 9. dxc5 Bxc5 10. b4 Be7 11. Be3 Nd7 12. a4 Rc8 13.
b5 Qa5 14. O-O h5 15. Rc1 Nh6 16. Nbd2 Nf5 17. Qd3 Bc5 18. c4 d4 19. Nb3 Qc7 20. Bd2 Nxe5 21. Nxe5 Qxe5 22. Re1 Qf6 23. Nxc5 Rxc5 24. Bb4 Rc7 25. c5 O-O 26. c6 Rb8 27. Ba5 b6 28. Bd2 Re8 29. a5 Ne7 30.
axb6 axb6 31. Bb4 e5 32. Bxe7 Qxe7 33. h3 Qd8 34. Ra4 Qd5 35. Rxd4 Qe6 36. Rd6 Qc8 37. Rd7 g6 38. Qd6 1-0

[Event "44th Chess Olympiad Women 2022"]
[Site "Chennai"]
[Date "2022.07.29"]
[Round "1.20"]
[White "Cosma, Elena-Luminita"]
[Black "Mutisya, Jully"]
[Result "1-0"]
[WhiteElo "2248"]
[BlackElo "1428"]
[Annotator "ChessBase"]
[PlyCount "65"]
[EventDate "2022.??.??"]
[TimeControl "60"]

1. d4 Nf6 2. Nf3 g6 3. g3 Bg7 4. Bg2 O-O 5. O-O d6 6. b3 c5 7. c4 Nc6 8. Bb2 Nd7 9. Qd2 cxd4 10. Nxd4 Qb6 11. Nf3 Nc5 12. Bxg7 Kxg7 13. Nc3 a5 14. Nd5 Qd8 15. Rfd1 Be6 16. Nf4 Qd7 17. Rac1 Rab8 18. Ng5 Ne5 19. Qxa5 h6 20. Ngxe6+ fxe6 21. Qxc5 dxc5 22. Rxd7 Nxd7 23. Nxe6+ Kf6 24. Nxf8 Nxf8 25. Rd1 b6 26. f4 Ne6 27. e3 h5 28. Kf2 Nf8 29. Ke2 e5 30. Rd6+ Ke7 31. fxe5 b5 32. cxb5 Rxb5 33. Bd5 1-0

[Event "44th Chess Olympiad Women 2022"]
[Site "Chennai"]
[Date "2022.07.29"]
[Round "1.20"]
[White "Madelta Glenda"]
[Black "Lehaci, Miruna-Daria"]
[Result "0-1"]
[WhiteElo "1516"]
[BlackElo "2193"]
[Annotator "RC"]
[PlyCount "104"]
[EventDate "2022.??.??"]
[TimeControl "60"]

1. d4 e6 2. Bf4 Nf6 3. e3 c5 4. c3 d5 5. Nd2 Bd6 6. Bg3 Qc7 7. Ngf3 Nbd7 8. Bb5 O-O 9. O-O a6 10. Bd3 e5 11. dxe5 Nxe5 12. Nxe5 Bxe5 13. Bxe5 Qxe5 14. Nf3 Qe7 15. Re1 Bg4 16. Be2 Rad8 17. Qc2 Rd6 18.
Nh4 Qe5 19. Nf3 Qe8 20. Rad1 Re6 21. Ng5 Bxe2 22. Rxe2 Re5 23. Nf3 Re4 24. Ng5 Re7 25. Nf3 Re4 26. Ng5 Rh4 27. Qf5 Rh5 28. g4 Rh4 29. h3 Rh6 30. Kg2 Rg6 31. Nf3 h6 32. Red2 Qe7 33.
Qe5 Qd7 34. Nh4 Nxg4 35. hxg4 Qxg4+ 36. Kf1 Qxh4 37. Rxd5 Rf6 38. R1d2 Qh3+ 39. Ke2 Qg2 40. Qg3 Qe4 41. Rxc5 Qb1 42. a3 Rg6 43. Qh3 Rg1 44. Rc8 Rxc8 45. Qxc8+ Kh7 46. Kf3 Qg6 47. Qd7 f5 48. Ke2 Qg4+ 49. Kd3 Qe4+ 50. Ke2 Qc4+ 51. Rd3 Qg4+ 52. Kd2 Qd1# 0-1

[Event "44th Chess Olympiad Women 2022"]
[Site "Chennai"]
[Date "2022.07.29"]
[Round "1.20"]
[White "Obondo, Cynthia Awino"]
[Black "Ciolacu, Alessia-Mihaela"]
[Result "1-0"]
[WhiteElo "1439"]
[BlackElo "2163"]
[Annotator "RC"]
[PlyCount "147"]
[EventDate "2022.??.??"]
[TimeControl "60"]

1. d4 Nf6 2. Nf3 b6 3. e3 Bb7 4. Bd3 g6 5. Nbd2 c5 6. b3 Bg7 7. Bb2 O-O 8. O-O Nc6 9. a3 Nh5 10. Re1 d5 11. g3 e6 12. Bf1 Rc8 13.
c4 cxd4 14. exd4 Nf6 15. Bg2 dxc4 16. Nxc4 Na5 17. Nxa5 bxa5 18. Rc1 Qb6 19. Qd3 Ba6 20. Qd1 Rxc1 21. Bxc1 Nd5 22. Bb2 Rb8 23. Nd2 Bxd4 24. Bxd4 Qxd4 25. Bxd5 Qxd5 26. Qc2 e5 27. Qc3 Rc8 28. Qb2 Bb7 29. Ne4 Kg7 30. f3 f5 31. Nd2 Re8 32. Kg2 Kg8 33.
Qc3 e4 34. fxe4 fxe4 35. Qe3 Rd8 36. Re2 Rf8 37. Rf2 Rd8 38.
Nc4 Qd3 39. Rd2 Qxd2+ 40. Nxd2 Rxd2+ 41. Kh3 Bc8+ 42. Kh4 Rd5 43. g4 Bb7 44. Qxa7 Rd7 45. Qb8+ Kf7 46. Qh8 Ke6 47. Qe8+ Re7 48. Qb5 e3 49. Qe2 Kd7 50. Kg3 Re5 51. h4 Bc6 52. a4 h6 53.
Kf4 Re4+ 54. Kg3 Kd6 55. Qd3+ Kc7 56. Qe2 Kb6 57. Kh2 g5 58. hxg5 hxg5 59. Kg1 Re5 60. Kf1 Bb7 61. Ke1 Ba6 62. Qd1 Re6 63. Qd5 Bc8 64. Qxg5 e2 65. Qb5+ Kc7 66. Qxa5+ Kd7 67. g5 Ba6 68. b4 Bc4 69. Qa7+ Ke8 70. Qc5 Bb3 71. a5 Bd1 72. b5 Re7 73.
g6 Re6 74. g7 1-0